 Seeded DCSS version 0.30-a0-793-g160f7cfddd (webtiles) character file.

Game seed: 2869265305504195120 (custom seed)

1111 timneilson the Shield-Bearer (level 8, 0/48 HPs)
             Began as a Gargoyle Fighter on Feb 19, 2023.
             Was a Believer of Okawaru.
             Slain by an ogre
             ... wielding a +0 giant spiked club
              (15 damage)
             ... on level 6 of the Dungeon.
             The game lasted 00:08:53 (4292 turns).

timneilson the Shield-Bearer (Gargoyle Fighter)     Turns: 4292, Time: 00:08:53

Health: 0/48       AC: 20    Str: 19    XL:     8   Next: 33%
Magic:  9/9        EV:  7    Int: 13    God:    Okawaru [**....]
Gold:   113        SH:  5    Dex: 11    Spells: 7/7 levels left

rFire   . . .      SeeInvis .    o - +1 scimitar
rCold   . . .      Faith    .    c - +0 buckler
rNeg    + . .      Spirit   .    l - +0 chain mail
rPois   ∞          Reflect  .    (no helmet)
rElec   +          Harm     .    (no cloak)
rCorr   +          Rampage  .    w - +0 pair of gloves
Will    .....                    h - +2 pair of boots of Temperance {rCorr Int+3} Stlth
                                 (no amulet)
HPRegen 0.28/turn                e - ring of resist corrosion
MPRegen 0.11/turn                (no ring)

@: no status effects
A: sickness immunity, AC +5, negative energy resistance 1, electricity
resistance, torment resistance 1, petrification resistance
a: Renounce Religion, Heroism


You were on level 6 of the Dungeon.
You worshipped Okawaru.
Okawaru was pleased with you.
You visited 2 branches of the dungeon, and saw 7 of its levels.
You also visited: Ossuary.

You collected 217 gold pieces.
You spent 104 gold pieces at shops.

Inventory:

Hand Weapons
 a - a +0 long sword
 o - a +1 scimitar (weapon)
Armour
 c - a +0 buckler (worn)
 h - the +2 pair of boots of Temperance (worn) {rCorr Int+3}
   (You acquired it on level 2 of the Dungeon)

   Int:       It affects your intelligence (+3).
   rCorr:     It protects you from acid and corrosion.
 l - a +0 chain mail (worn)
 w - a +0 pair of gloves (worn)
Jewellery
 e - a ring of resist corrosion (left hand)
 i - a ring of fire
Wands
 q - a wand of flame (23)
Scrolls
 b - a scroll of silence
 g - a scroll of identify
 k - 2 scrolls of enchant armour
 n - a scroll of fear
 s - 2 scrolls of magic mapping
 u - 2 scrolls of enchant weapon
Potions
 d - 4 potions of curing
 f - a potion of cancellation
 j - 3 potions of brilliance
 m - 7 potions of mutation
 p - 3 potions of heal wounds
 r - a potion of ambrosia
 t - a potion of lignification {unknown}
 v - 2 potions of invisibility
 z - a potion of might


   Skills:
 + Level 4.7 Fighting
 * Level 4.4 Long Blades
 * Level 6.0 Armour
 + Level 2.1 Dodging
 * Level 6.0 Shields
 + Level 2.0 Invocations
 + Level 1.6 Evocations


You had 7 spell levels left.
You didn't know any spells.
Your spell library contained the following spells:

 Spells                   Type           Power      Damage    Failure   Level
 Sandblast                Erth           0%         2d4       98%         1
 Passwall                 Tmut/Erth      0%         N/A       99%         2
 Stone Arrow              Conj/Erth      0%         3d7       100%        3
 Petrify                  Tmut/Erth      0%         N/A       100%        4
 Irradiate                Conj/Tmut      0%         3d11      100%        5
 Sublimation of Blood     Necr           Unusable   N/A       N/A         2

Dungeon Overview and Level Annotations

Branches:
Dungeon (6/15)             Temple (1/1) D:4         Ossuary (visited)

Altars:
Ashenzari
Gozag
Hepliaklqana
Nemelex Xobeh
Okawaru
Sif Muna
Vehumet
Xom
Yredelemnul
Zin
The Shining One

Shops:
D:3 (((:


Innate Abilities, Weirdness & Mutations

You are immune to sickness and miasma.
Your stone body is resilient. (AC +5)
You are immune to poison.
You resist negative energy. (rN+)
You are resistant to electric shocks. (rElec)
You are resistant to unholy torment.
You are immune to petrification.


Message History

You hit the iguana.
You kill the iguana!
Okawaru accepts your kill.
Your Armour skill increases to level 6!
No target in view!
No target in view!
No target in view!
No target in view!
No target in view!
No target in view!
No target in view!
No target in view!
No target in view!
No target in view!
No target in view!
You see here an iguana corpse.
You see here a +0 pair of gloves.
w - a +0 pair of gloves You start putting on your armour.
You continue putting on your +0 pair of gloves. x4
You finish putting on your +0 pair of gloves.
Found a stone staircase leading down.
An ogre comes into view. It is wielding a +0 giant spiked club.
The ogre shouts!
The ogre closely misses you.
You barely miss the ogre.
The ogre hits you with a +0 giant spiked club!
You hit the ogre.
The ogre is lightly wounded.
The ogre hits you with a +0 giant spiked club!
You slash the ogre!
The ogre is heavily wounded.
You hit the ogre.
The ogre is heavily wounded.
The ogre hits you with a +0 giant spiked club!
* * * LOW HITPOINT WARNING * * *
You hit the ogre.
The ogre is severely wounded.
The ogre hits you with a +0 giant spiked club!
You die...

### #######.###
#....>..$....####### #.#
######@......... #.#
.#O#.####### #.# .#.#.#
#.# .#.#.# #.# ###.#.#.#
#.# ...#.#.# ###.#
#....#.# ###...#
###.####.#######
###...#.###...†...........


You could see an ogre.

Vanquished Creatures
  Pargi (D:3)
  A black bear (D:4)
  An ogre (D:5)
  A phantom (D:5)
  A kobold brigand (D:6)
  A bullfrog (D:6)
  A scorpion (D:5)
  A necrophage (D:5)
  A hound (D:4)
  2 jellies
  A human zombie (Ossuary)
  An orc priest (D:5)
  Natasha (thrice) (D:3)
  2 iguanas
  3 mummies (Ossuary)
  6 adders
  3 gnolls (D:3)
  A white imp (D:5)
  2 worms
  5 dart slugs
  10 orcs
  3 endoplasms
  A giant cockroach (D:1)
  8 goblins
  5 hobgoblins
  5 jackals
  11 kobolds
  4 quokkas
  10 ball pythons
  4 bats
  6 frilled lizards
  2 gnoll zombies (Ossuary)
  A goblin zombie (Ossuary)
  A hobgoblin zombie (Ossuary)
  2 kobold zombies (Ossuary)
  An orc zombie (Ossuary)
  8 rats
120 creatures vanquished.

Notes
Turn   | Place    | Note
-------+----------+-------------------------------------------
     0 | D:1      | timneilson the Gargoyle Fighter began the quest for the
                  | Orb.
     0 | D:1      | Reached XP level 1. HP: 14/14 MP: 1/1
   134 | D:1      | Reached XP level 2. HP: 19/19 MP: 2/2
   582 | D:1      | Reached XP level 3. HP: 23/23 MP: 3/3
   970 | D:2      | Identified a scroll of acquirement
   970 | D:2      | Acquired the +2 pair of boots of Temperance {rCorr Int+3}
  1243 | D:2      | Identified the +6 quarterstaff "Daifyann" {elec, +Blink
                  | rPois Dex+2}
  1276 | D:2      | Reached XP level 4. HP: 28/28 MP: 4/4
  1602 | D:3      | Noticed Pargi
  1622 | D:3      | Killed Pargi
  1623 | D:3      | Reached skill level 1 in Dodging
  1623 | D:3      | Reached XP level 5. HP: 19/33 MP: 5/5
  1750 | D:3      | Found Haokleeh's Weapon Shoppe.
  1760 | D:3      | Found Zyidd's Antique Weapon Emporium.
  1779 | D:3      | Bought a scimitar for 104 gold pieces
  1968 | D:3      | Found Ygeghuah's Antique Weapon Boutique.
  2105 | D:3      | Reached XP level 6. HP: 37/38 MP: 6/6
  2175 | D:3      | Noticed Natasha
  2183 | D:3      | Killed Natasha
  2221 | D:3      | Noticed Natasha
  2227 | D:3      | Killed Natasha
  2252 | D:3      | Noticed Natasha
  2259 | D:3      | Killed Natasha
  2317 | D:3      | Found Wuiraulo's Book Shoppe.
  2489 | D:4      | Found a shimmering altar of Xom.
  2490 | D:4      | Found an opulent altar of Gozag.
  2491 | D:4      | Found a basalt altar of Yredelemnul.
  2539 | D:4      | Found a staircase to the Ecumenical Temple.
  2552 | Temple   | Entered the Ecumenical Temple
  2603 | Temple   | Became a worshipper of Warmaster Okawaru
  2703 | D:4      | Noticed a black bear
  2711 | D:4      | Killed a black bear
  2712 | D:4      | Reached skill level 5 in Armour
  2712 | D:4      | Reached skill level 5 in Shields
  2712 | D:4      | Reached XP level 7. HP: 42/43 MP: 7/7
  3151 | D:5      | Entered Level 5 of the Dungeon
  3183 | D:5      | Found a sand-covered staircase.
  3188 | Ossuary  | Entered an ossuary
  3525 | D:5      | Reached * piety under Okawaru
  3526 | D:5      | Reached skill level 1 in Invocations
  3681 | D:5      | Reached skill level 1 in Evocations
  3802 | D:5      | Reached XP level 8. HP: 47/48 MP: 9/9
  4049 | D:6      | Identified the +1 robe of the Five Beds {Dex+3}
  4143 | D:6      | Reached ** piety under Okawaru
  4292 | D:6      | Slain by an ogre

Illustrated notes

Levels and vault maps discovered:
D:1:      nagdon_arrival_double_spiral, layout_basic
D:2:      layout_loops_ring, serial_bayou_pond_d, minmay_pentomino_z4
D:3:      layout_loops_ring, serial_shops, shop, shop, shop,
          nicolae_diamond_shop, uniq_natasha, uniq_pargi
D:4:      layout_loops_cross, chequers_temple_overflow_statue_of_worship,
          minmay_temple_entry_drinking_statues, serial_forest,
          infiniplex_forest_clump_double, infiniplex_forest_lined_2,
          infiniplex_forest_lined_2, infiniplex_forest_fountain,
          infiniplex_forest_end_3, infiniplex_forest_clump_medium,
          infiniplex_forest_clump_medium, infiniplex_forest_lined_2,
          uniq_crazy_yiuf_cottage
D:5:      layout_rooms, enter_ossuary_5
D:6:      layout_basic, guppyfry_early_elven_hall
Temple:   minmay_crystal_spiral_temple

Skill      XL: |  1  2  3  4  5  6  7  8 |
---------------+-------------------------+-----
Long Blades    | 2 3 4 |  4.4
Shields        | 4 5 6 |  6.0
Armour         | 4 5 6 |  6.0
Dodging        | 1 2 |  2.1
Fighting       | 4 |  4.7
Invocations    | 1 2 |  2.0
Evocations     | 1 |  1.6

Action                     |  1- 3 |  4- 6 |  7- 9 || total
---------------------------+-------+-------+-------++-------
  Melee: Long sword        |   167 |    41 |       ||   208
         Scimitar          |       |    70 |   223 ||   293
    Use: Scroll            |     1 |     6 |    11 ||    18
         Potion            |       |     1 |     1 ||     2
 Armour: Scale mail        |    94 |       |       ||    94
         Chain mail        |     7 |    82 |   165 ||   254
  Dodge: Dodged            |    86 |    40 |    84 ||   210
  Block: Buckler           |    20 |    28 |    48 ||    96

Table legend: (Time is in decaauts)
 A = Elapsed time spent in this place.
 B = Non-inter-level travel time spent in this place.
 C = Inter-level travel time spent in this place.
 D = Time resting spent in this place.
 E = Time spent auto-exploring this place.
 F = Levels seen in this place.
 G = Mean time per level.
                   A        B        C        D        E       F      G
               +--------+--------+--------+--------+--------+-----+--------+
         Total |   4444 |   4278 |    166 |      7 |   2944 |   8 |  555.5 |
       Dungeon |   4053 |   3923 |    130 |      0 |   2771 |   6 |  675.5 |
        Temple |     88 |     52 |     36 |      0 |     38 |   1 |   88.0 |
       Ossuary |    302 |    302 |      0 |      7 |    135 |   1 |  302.0 |
               +--------+--------+--------+--------+--------+-----+--------+

Top non-repeatable levels by time:
     D:1: 983 daAuts
     D:3: 910 daAuts
     D:2: 688 daAuts
     D:4: 584 daAuts
     D:5: 573 daAuts
     D:6: 313 daAuts
 Ossuary: 302 daAuts
  Temple: 88 daAuts
